 Dungeon Crawl Stone Soup version 0.30-a0-528-g8c47a4955b (webtiles) character file.

Game seed: 13998388992907350255

11 kae the Firebug (level 2, 0/15 HPs)
             Began as a Tengu Fire Elementalist on Dec 23, 2022.
             Slain by a gnoll
             ... wielding a +0 flail
              (7 damage)
             ... on level 1 of the Dungeon.
             The game lasted 00:00:26 (425 turns).

kae the Firebug (Tengu Fire Elementalist)            Turns: 425, Time: 00:00:27

Health: 0/15       AC:  2    Str:  8    XL:     2   Next: 29%
Magic:  1/6        EV: 12    Int: 15    God:
Gold:   28         SH:  0    Dex: 14    Spells: 2/5 levels left

rFire   . . .      SeeInvis .    c - +0 dagger
rCold   . . .      Faith    .    (no shield)
rNeg    . . .      Spirit   .    a - +0 robe
rPois   .          Reflect  .    (helmet restricted)
rElec   .          Harm     .    (no cloak)
rCorr   .          Rampage  .    (no gloves)
Will    .....                    (boots unavailable)
Stlth   ++                       (no amulet)
HPRegen 0.22/turn                (no ring)
MPRegen 0.10/turn                (no ring)

@: very slightly contaminated
A: beak, talons 3
a: no special abilities


You were on level 1 of the Dungeon.
You visited 1 branch of the dungeon, and saw 1 of its levels.

You collected 28 gold pieces.


Innate Abilities, Weirdness & Mutations

You have a beak for a mouth.
You have claws for feet.


   Skills:
 - Level 2.1 Dodging
 - Level 2.0 Stealth
 + Level 2.1 Spellcasting
 * Level 2.2 Conjurations
 * Level 3.6 Fire Magic


You had 2 spell levels left.
You knew the following spells:

 Your Spells              Type           Power      Damage    Failure   Level
a - Foxfire               Conj/Fire      40%        2x1d6     7%          1
b - Scorch                Fire           24%        2d6       8%          2

Your spell library contained the following spells:

 Spells                   Type           Power      Damage    Failure   Level
 Inner Flame              Hex/Fire       7%         N/A       30%         3
 Kindle Blastsparks       Fire/Tloc/Air  10%        2d10      36%         3
 Flame Wave               Conj/Fire      10%        2d6       54%         4

Inventory:

Hand Weapons
 c - a +0 dagger (weapon)
   (You took it off a kobold on level 1 of the Dungeon)
Armour
 a - a +0 robe (worn)
Scrolls
 d - a scroll of vulnerability {unknown}
Potions
 b - a potion of magic
 e - a potion of ambrosia {unknown}

Dungeon Overview and Level Annotations

Branches:
Dungeon (1/15) Zot: 5574

Altars:

#######.............# #.......#
....................# #.......#
....................# #.......#
....................####.......#
............#.....)............#
...............................#.
...........#####....###.##'#####.
...........# ######## #.#......#.
#..@g.# #.#......#. ##.##g#
#.#......#. #.# .# #.#......#.
#.# .. ........)#. #.# .##
#....#..... #.#... +....#.#.#.
#.#.## #...##.#... #.#.#
########... ##'#.# #........


You could see a gnoll and a goblin.


Message History

😎 MP[-1]
You lost 1 mp, and now have 5/6 mp.
Casting: Foxfire (safe; 7% risk of failure)
Confirm with . or Enter, or press ? or * to list all spells.
You conjure some foxfire! 😎 MP[-1]
You lost 1 mp, and now have 4/6 mp.
You open the door.
There is an open door here.
A kobold comes into view.
It is wielding a +1 vampiric dagger. 😎 MP[+2]
Your mp is fully restored (6).
A kobold is nearby!
A kobold is nearby!
Casting: Foxfire (safe; 7% risk of failure)
Confirm with . or Enter, or press ? or * to list all spells.
You conjure some foxfire! 😎 MP[-1]
You lost 1 mp, and now have 5/6 mp.
Casting: Foxfire (safe; 7% risk of failure)
Confirm with . or Enter, or press ? or * to list all spells.
You conjure some foxfire!
The foxfire hits the kobold. 😎 MP[-1]
You lost 1 mp, and now have 4/6 mp.
A kobold is nearby!
Casting: Foxfire (safe; 7% risk of failure)
Confirm with . or Enter, or press ? or * to list all spells.
You conjure some foxfire!
The foxfire hits the kobold.
You kill the kobold! 😎 MP[-1]
You lost 1 mp, and now have 3/6 mp.
You see here a +1 vampiric dagger. 😎 MP[+2]
You regained 2 mp, and now have 5/6 mp.
Found a stone staircase leading down.
You now have 28 gold pieces (gained 9).
e - a coppery potion 😎 MP[+1]
Your mp is fully restored (6).
You see here a +0 club.
A ball python comes into view.
A ball python is nearby!
A ball python is nearby!
Casting: Foxfire (safe; 7% risk of failure)
Confirm with . or Enter, or press ? or * to list all spells.
You conjure some foxfire!
The ball python hisses angrily.
The foxfire hits the ball python. 😎 MP[-1]
You lost 1 mp, and now have 5/6 mp.
Casting: Foxfire (safe; 7% risk of failure)
Confirm with . or Enter, or press ? or * to list all spells.
You conjure some foxfire!
The foxfire hits the ball python.
You kill the ball python! 😎 MP[-1]
You lost 1 mp, and now have 4/6 mp.
You see here a ball python corpse.
You open the door.
There is an open door here.
You open the door.
There is an open door here.
A gnoll comes into view. It is wielding a +0 flail. 😎 MP[+2]
Your mp is fully restored (6).
A gnoll is nearby!
A gnoll is nearby!
A gnoll is nearby!
Casting: Foxfire (safe; 7% risk of failure)
Confirm with . or Enter, or press ? or * to list all spells.
You conjure some foxfire!
The gnoll shouts!
The foxfire hits the gnoll but does no damage. 😎 MP[-1]
You lost 1 mp, and now have 5/6 mp.
Casting: Foxfire (safe; 7% risk of failure)
Confirm with . or Enter, or press ? or * to list all spells.
Flames lash the gnoll.
The gnoll's fire resistance burns away.
A goblin comes into view. It is wielding a +0 club.
The gnoll barely misses you. 😎 MP[-2]
You lost 2 mp, and now have 3/6 mp.
Casting: Scorch (safe; 8% risk of failure)
Confirm with . or Enter, or press ? or * to list all spells.
You miscast Scorch.
You are very lightly contaminated with residual magic.
Nothing appears to happen.
The gnoll hits you with a +0 flail!
Ouch! That really hurt!
* * * LOW HITPOINT WARNING * * *
😨 HP[-8] MP[-2]
You take 8 damage, and now have 7/15 hp.
MASSIVE DAMAGE!! (PAUSE)
You lost 2 mp, and now have 1/6 mp.
You hit the gnoll but do no damage.
The gnoll is no longer more vulnerable to fire.
The gnoll barely misses you.
You barely miss the gnoll. Your peck misses the gnoll.
The gnoll hits you with a +0 flail!
You die...

Skill      XL: |  1 |
---------------+----+-----
Conjurations   | 2 |  2.2
Dodging        | |  2.1
Stealth        | |  2.0
Spellcasting   | |  2.1
Fire Magic     | |  3.6

Action                   || total
-------------------------++-------
Melee: Unarmed           ||     4
       Kick              ||     1
       Peck              ||     1
       Dagger            ||     2
 Cast: Foxfire           ||    20
       Scorch            ||     1
Armor: Robe              ||     3
Dodge: Dodged            ||     6

Levels and vault maps discovered:
D:1:      evilmike_arrival_plus, layout_basic

Notes
Turn   | Place    | Note
-------+----------+-------------------------------------------
     0 | D:1      | kae the Tengu Fire Elementalist began the quest for the
                  | Orb.
     0 | D:1      | Reached XP level 1. HP: 10/10 MP: 4/4
     0 | D:1      | magus.rc [v1.11.3]
   198 | D:1      | Reached skill level 2 in Conjurations
   198 | D:1      | Reached XP level 2. HP: 15/15 MP: 1/6
   203 | D:1      | Learned a level 2 spell: Scorch
   425 | D:1      | Slain by a gnoll

Vanquished Creatures
  3 endoplasms (D:1)
  A hobgoblin (D:1)
  A quokka (D:1)
  A ball python (D:1)
  2 kobolds (D:1)
  3 rats (D:1)
11 creatures vanquished.

Vanquished Creatures (others)
  34 foxfires (D:1)
34 creatures vanquished.

Grand Total: 45 creatures vanquished

Table legend:
 A = Non-vault XP
 B = Vault XP
 C = Vault XP percentage of total XP
 D = Non-vault monster count
 E = Vault monster count
 F = Vault count percentage of total count
                 A         B        C        D         E       F
            +---------+---------+-------+---------+---------+-------
      Total |      17 |       0 |   0.0 |      11 |       0 |   0.0
            +---------+---------+-------+---------+---------+-------
        D:1 |      17 |       0 |   0.0 |      11 |       0 |   0.0
            +---------+---------+-------+---------+---------+-------

Illustrated notes

Table legend:
 A = Kills in this place as a percentage of kills in entire the game.
 B = Kills by you in this place as a percentage of kills by you in the entire game.
 C = Kills by friends in this place as a percentage of kills by friends in the entire game.
 D = Other kills in this place as a percentage of other kills in the entire game.
 E = Experience gained in this place as a percentage of experience gained in the entire game.
 F = Experience gained in this place divided by the number of levels of this place that you have seen.
                   A       B       C       D       E      F
               +-------+-------+-------+-------+-------+----------------------
         Total | 100.0 | 100.0 |   N/A |   N/A | 100.0 |  17.0
       Dungeon | 100.0 | 100.0 |   N/A |   N/A | 100.0 |  17.0
               +-------+-------+-------+-------+-------+----------------------

Table legend: (Time is in decaauts)
 A = Elapsed time spent in this place.
 B = Non-inter-level travel time spent in this place.
 C = Inter-level travel time spent in this place.
 D = Time resting spent in this place.
 E = Time spent auto-exploring this place.
 F = Levels seen in this place.
 G = Mean time per level.
                   A        B        C        D        E       F      G
               +--------+--------+--------+--------+--------+-----+--------+
         Total |    424 |    424 |      0 |      0 |    320 |   1 |  424.0 |
       Dungeon |    424 |    424 |      0 |      0 |    320 |   1 |  424.0 |
               +--------+--------+--------+--------+--------+-----+--------+

Top non-repeatable levels by time:
     D:1: 424 daAuts
